 Dungeon Crawl Stone Soup version 0.17-a0-4-gb793c6d (webtiles) character file.

523252 Ololoev the Portalist (level 24, -1/144 HPs)
             Began as a Spriggan Artificer on Mar 3, 2015.
             Was a High Priest of Sif Muna.
             Slain by a spriggan berserker
             ... wielding a +0 antimagic rapier
             ... led by a spriggan defender
              (28 damage)
             ... on level 4 of the Depths on Mar 4, 2015.
             The game lasted 06:29:47 (92351 turns).

Ololoev the Portalist (Spriggan Artificer)         Turns: 92351, Time: 06:29:48

Health: -1/144     AC: 20    Str:  8    XL:     24   Next: 18%
Magic:  33/51      EV: 38    Int: 25    God:    Sif Muna [*****.]
Gold:   653        SH: 11    Dex: 20    Spells: 10 memorised, 21 levels left

rFire  + . .     SeeInvis +     t - +0 rod of clouds (8/14)
rCold  + + .     Clarity  .     y - +4 robe of Night {+Inv MR+ SInv Stlth+}
rNeg   + + +     SustAb   .     j - +3 buckler {AC+3}
rPois  +         Gourm    .     o - +2 hat {rC+}
rElec  +         Spirit   .     i - +2 cloak {rPois}
rCorr  .         Warding  +     (gloves unavailable)
rMut   .         NoTele   +     (boots unavailable)
MR     +++++                    g - amulet of Cekugob {Ward -Tele rElec rPois rN++ AC+1 EV+1}
Stlth  ++++++++..               Q - ring "Ikoet" {rC+ rN+ MP+9 Stlth-}
                                k - ring of the Octopus King {rF+ AC+1 EV+1 Str+1 Int+1 Dex+1}

@: repel missiles, very quick, almost entirely resistant to hostile
enchantments, extraordinarily stealthy
A: unfitting armour, talons 1, iridescent scales 1, see invisible, breathe
flames 1, clever 1, herbivore 3, speed 3, slow metabolism 2
a: Channel Energy, Forget Spell, Renounce Religion, Breathe Fire, Evoke
Invisibility
}: 3/15 runes: decaying, abyssal, gossamer


You were on level 4 of the Depths.
You worshipped Sif Muna.
Sif Muna was extremely pleased with you.
You were not hungry.

You visited 10 branches of the dungeon, and saw 52 of its levels.
You visited the Abyss 1 time.
You also visited: Labyrinth, Trove, Bailey and Ice Cave.

You collected 22890 gold pieces.
You spent 8537 gold pieces at shops.
You paid 13700 gold pieces to Gozag.

Notes
Turn   | Place    | Note
--------------------------------------------------------------
     0 | D:1      | Ololoev, the Spriggan Artificer, began the quest for the Orb.
     0 | D:1      | Reached XP level 1. HP: 9/9 MP: 2/2
   208 | D:1      | Reached XP level 2. HP: 9/14 MP: 5/5
  1010 | D:1      | Reached XP level 3. HP: 17/17 MP: 8/8
  1388 | D:2      | Noticed Ijyb
  1465 | D:2      | Killed Ijyb
  1841 | D:2      | Reached XP level 4. HP: 18/21 MP: 10/10
  2367 | D:2      | Found a snail-covered altar of Cheibriados.
  2869 | D:3      | Found a sparkling altar of Nemelex Xobeh.
  3305 | D:3      | Reached XP level 5. HP: 14/25 MP: 13/13
  3523 | D:3      | Reached skill level 5 in Short Blades
  3716 | D:4      | Noticed an ogre
  3720 | D:4      | Killed an ogre
  3720 | D:4      | Reached skill level 6 in Short Blades
  3758 | D:4      | Noticed an ogre
  3761 | D:4      | Killed an ogre
  3761 | D:4      | Reached XP level 6. HP: 29/29 MP: 16/16
  4049 | D:4      | Found a staircase to the Ecumenical Temple.
  4056 | Temple   | Entered the Ecumenical Temple
  4198 | D:4      | Reached skill level 7 in Short Blades
  4475 | D:4      | Found a deep blue altar of Sif Muna.
  4533 | D:5      | Entered Level 5 of the Dungeon
  4796 | D:5      | Reached skill level 1 in Throwing
  4796 | D:5      | Reached XP level 7. HP: 32/32 MP: 18/18
  4845 | D:5      | Reached skill level 8 in Short Blades
  4954 | D:5      | Found a bloodstained altar of Trog.
  5806 | D:5      | Reached skill level 9 in Short Blades
  5825 | D:5      | Reached XP level 8. HP: 35/37 MP: 20/20
  6308 | D:6      | Reached skill level 5 in Evocations
  6309 | D:6      | Noticed Pikel
  6325 | D:6      | Killed Pikel
  6325 | D:6      | Reached skill level 10 in Short Blades
  6371 | D:6      | Found a stormy altar of Qazlal.
  6402 | D:6      | Reached skill level 5 in Throwing
  6657 | D:6      | Reached XP level 9. HP: 28/40 MP: 22/24
  6996 | D:7      | Found a glowing golden altar of the Shining One.
  7395 | D:7      | Found a deep blue altar of Sif Muna.
  8001 | D:8      | Noticed Joseph
  8024 | D:8      | Killed Joseph
  8024 | D:8      | Reached skill level 10 in Evocations
  8121 | D:8      | Found an opulent altar of Gozag.
  8124 | D:8      | Became a worshipper of Gozag Ym Sagoz the Greedy
  8299 | D:8      | Noticed Edmund
  8301 | D:8      | Noticed Edmund
  8301 | D:8      | Edmund changed into Edmund the hound
  8310 | D:8      | Killed Edmund the hound
  8371 | D:8      | Noticed Dowan
  8372 | D:8      | Noticed Duvessa
  8386 | D:8      | Killed Duvessa
  8388 | D:8      | Killed Dowan
  8388 | D:8      | Reached skill level 11 in Short Blades
  8900 | D:9      | Reached XP level 10. HP: 42/44 MP: 28/28
  9087 | D:9      | Found an ancient bone altar of Kikubaaqudgha.
  9175 | D:9      | Noticed Maurice
  9193 | D:9      | Killed Maurice
  9254 | D:9      | Found a basalt altar of Yredelemnul.
  9393 | D:10     | Entered Level 10 of the Dungeon
  9468 | D:10     | Noticed Sonja
  9474 | D:10     | Killed Sonja
  9474 | D:10     | Reached skill level 5 in Stealth
  9635 | D:10     | Noticed an unseen horror
  9925 | D:10     | Killed an unseen horror
  9991 | D:10     | Found a staircase to the Orcish Mines.
 10024 | D:10     | Reached skill level 12 in Short Blades
 10269 | D:10     | Found a staircase to the Lair.
 10451 | D:10     | Noticed a hill giant
 10475 | D:10     | Killed a hill giant
 10475 | D:10     | Reached XP level 11. HP: 48/48 MP: 29/29
 10912 | Orc:1    | Entered Level 1 of the Orcish Mines
 10949 | Orc:1    | Found a frozen archway.
 11114 | IceCv    | Entered an ice cave
 11183 | IceCv    | Noticed an ice statue
 11183 | IceCv    | Noticed an ice statue
 11205 | IceCv    | Killed an ice statue
 11240 | IceCv    | Killed an ice statue
 11240 | IceCv    | Reached skill level 10 in Stealth
 11328 | IceCv    | Noticed an ice devil
 11380 | IceCv    | Reached skill level 13 in Short Blades
 11424 | IceCv    | Noticed an ice devil
 11431 | IceCv    | Noticed an ice devil
 11478 | IceCv    | HP: 2/48 [ice devil (11)]
 12128 | Orc:2    | Reached skill level 10 in Throwing
 12359 | Orc:3    | Found a roughly hewn altar of Beogh.
 12425 | Orc:3    | Found a flagged portal.
 12492 | Bailey   | Entered a bailey
 12909 | Bailey   | Found a burning altar of Makhleb.
 13106 | Orc:3    | Reached skill level 5 in Dodging
 13338 | Orc:3    | Reached skill level 1 in Shields
 14650 | Orc:4    | Entered Level 4 of the Orcish Mines
 14722 | Orc:4    | HP: 1/48 [orc warrior/tomahawk (14)]
 15091 | Orc:4    | Found Thrahata's Gadget Boutique.
 15109 | Orc:4    | Bought a wand of heal wounds (5) for 864 gold pieces
 15109 | Orc:4    | Bought a phial of floods for 640 gold pieces
 15209 | Orc:4    | Found an iron altar of Okawaru.
 15259 | Orc:4    | Found a white marble altar of Elyvilon.
 15616 | Orc:4    | Noticed an orc warlord
 15677 | Orc:4    | Reached XP level 12. HP: 48/52 MP: 30/30
 16103 | Orc:4    | Killed an orc warlord
 16336 | Orc:4    | Found Bleukhli's Assorted Antiques.
 16336 | Orc:4    | Found Plaownedd's Weapon Shoppe.
 16340 | Orc:4    | Found Bles' Antique Armour Emporium.
 16342 | Orc:4    | Found Sastrupt's Antique Weapon Shop.
 16351 | Orc:4    | Bought a shiny buckler for 139 gold pieces
 16480 | Orc:4    | Noticed Erolcha
 16501 | Orc:4    | Killed Erolcha
 16514 | Orc:4    | Noticed Saint Roka
 16523 | Orc:4    | Bought a glass wand for 108 gold pieces
 16523 | Orc:4    | Bought a runed garnet ring for 135 gold pieces
 16523 | Orc:4    | Bought a knobbly sapphire ring for 135 gold pieces
 16523 | Orc:4    | Bought a glowing rapier for 108 gold pieces
 16523 | Orc:4    | Bought 2 murky sapphire potions for 48 gold pieces
 16523 | Orc:4    | Bought a scroll labeled CRENWYD OXOL for 27 gold pieces
 16525 | Orc:4    | Bought a runed rapier for 128 gold pieces
 16641 | Orc:4    | Noticed Urug
 16712 | Orc:4    | Killed Urug
 16712 | Orc:4    | Reached skill level 14 in Short Blades
 16753 | Orc:4    | Reached skill level 5 in Shields
 16859 | Orc:4    | Found a staircase to the Elven Halls.
 17231 | Lair:1   | Entered Level 1 of the Lair of Beasts
 17523 | Lair:1   | Reached skill level 1 in Fighting
 17851 | Lair:1   | Noticed Erica
 17864 | Lair:1   | Killed Erica
 18517 | Lair:2   | Reached skill level 10 in Dodging
 18581 | Lair:2   | Noticed a seven-headed hydra
 18589 | Lair:2   | Killed a seven-headed hydra
 18589 | Lair:2   | Reached XP level 13. HP: 59/59 MP: 32/32
 19030 | Lair:2   | Got a clouded pewter ring
 19036 | Lair:2   | Identified the ring "Ikoet" {rC+ rN+ MP+9 Stlth-} (You found it on level 2 of the Lair of Beasts)
 19246 | Lair:3   | Found a labyrinth entrance.
 19261 | Lab      | Entered a labyrinth
 19600 | Lab      | Identified the Grimoire of Ghastly Confrontation
 19600 | Lab      | Got a clouded emerald amulet
 19600 | Lab      | Identified Schuh's Collected Works on Companions and Air
 19600 | Lab      | Identified Iskenderun's Grimoire of Conjuration and the Volcanoes
 19624 | Lab      | Identified the amulet of Jioptur {rPois Regen+ Int-3 SInv} (You found it in a labyrinth)
 21431 | Lair:4   | Found a staircase to the Swamp.
 21763 | Lair:5   | Noticed Fannar
 21803 | Lair:5   | Killed Fannar
 22504 | Lair:5   | Reached skill level 5 in Fighting
 22926 | Lair:6   | Found a runed door.
 22927 | Lair:6   | Found a viscous altar of Jiyva.
 23217 | Lair:6   | Found a staircase to the Slime Pits.
 23222 | Lair:6   | Got a transparent long sword
 23228 | Lair:6   | Identified the cursed -1 long sword "Chuifuaf" {slice, Str+2} (You found it on level 6 of the Lair of Beasts)
 23709 | Lair:6   | Found a hole to the Spider Nest.
 23900 | Lair:6   | Reached XP level 14. HP: 39/69 MP: 34/34
 24685 | Lair:7   | Reached skill level 15 in Evocations
 24869 | Lair:7   | Identified a scroll of acquirement
 25553 | Lair:8   | Entered Level 8 of the Lair of Beasts
 26154 | Lair:8   | Found a runed door.
 26174 | Lair:8   | Reached skill level 16 in Evocations
 26571 | Lair:8   | Got a shimmering shortbow
 27864 | Spider:1 | Entered Level 1 of the Spider Nest
 28361 | Spider:1 | Noticed Snorg
 28384 | Spider:1 | Killed Snorg
 28689 | Spider:2 | Noticed Frances
 28984 | Spider:2 | Killed Frances
 28984 | Spider:2 | Reached XP level 15. HP: 77/77 MP: 36/36
 29023 | Spider:2 | Noticed Nikola
 29025 | Spider:2 | Reached skill level 17 in Evocations
 29029 | Spider:2 | Killed Nikola
 31124 | Spider:2 | Reached skill level 15 in Stealth
 31490 | Spider:3 | Noticed Arachne
 32323 | Spider:2 | Reached skill level 18 in Evocations
 32764 | Spider:3 | Killed Arachne
 33879 | Spider:3 | Identified a +0 rod of clouds (14/14) (You found it on level 3 of the Spider Nest)
 35317 | D:11     | Found Skoa's Armour Boutique.
 35319 | D:11     | Noticed hornqvist's ghost (powerful OpAs)
 35333 | D:11     | Killed hornqvist's ghost
 35362 | D:11     | Bought the +4 robe of Night {+Inv MR+ SInv Stlth+} for 520 gold pieces
 35534 | D:11     | Found Hyifyniaf's Food Boutique.
 35867 | D:11     | Reached skill level 10 in Fighting
 36014 | D:11     | Noticed Nessos
 36035 | D:11     | Killed Nessos
 36035 | D:11     | Reached XP level 16. HP: 81/85 MP: 37/37
 36615 | D:12     | Reached skill level 19 in Evocations
 36841 | D:12     | Found Massatha's Antique Armour Shoppe.
 37070 | D:12     | Found Zaaninn's Armour Emporium.
 37443 | D:13     | Noticed anything's ghost (powerful DDHu)
 37461 | D:13     | Killed anything's ghost
 37647 | D:13     | Found Noggush's Distillery.
 37659 | D:13     | Identified Sif Muna's Disquisition on Bewitchment
 37894 | D:13     | Noticed Psyche
 37899 | D:13     | Killed Psyche
 38457 | D:14     | Found Smifevee's Armour Shop.
 38638 | D:14     | Gained mutation: Your spells are a little easier to cast, but a little less powerful. [mutagenic glow]
 38963 | D:14     | Reached skill level 15 in Dodging
 39113 | D:14     | Found a gate to the Vaults.
 39304 | D:14     | Got a transparent dagger
 39305 | D:14     | Identified the +4 dagger of the Hall of Blades {drain, rF+} (You found it on level 14 of the Dungeon)
 39847 | D:15     | Entered Level 15 of the Dungeon
 39864 | D:15     | Noticed Rupert
 39885 | D:15     | Killed Rupert
 40113 | D:15     | Noticed Azrael
 40122 | D:15     | Killed Azrael
 40448 | D:15     | Reached skill level 20 in Evocations
 40542 | D:15     | Found Illuhinuna's Food Shop.
 40608 | D:15     | Found a staircase to the Depths.
 41282 | D:12     | Bought a dazzling shadow dragon armour for 2125 gold pieces
 41282 | D:12     | Identified the cursed -4 shadow dragon armour "Izasut" {rElec rF+ MR+ Int-2 Dex+2 Stlth++++} (You bought it in a shop on level 12 of the Dungeon)
 41544 | Swamp:1  | Entered Level 1 of the Swamp
 41683 | Swamp:1  | Learned a level 2 spell: Repel Missiles
 41687 | Swamp:1  | Learned a level 2 spell: Swiftness
 41691 | Swamp:1  | Learned a level 3 spell: Flight
 42812 | Swamp:2  | Noticed Jorgrun
 42979 | Swamp:2  | Killed Jorgrun
 43048 | Swamp:2  | Noticed Louise
 43140 | Swamp:2  | Killed Louise
 43232 | Swamp:2  | Noticed Aizul
 43280 | Swamp:2  | Killed Aizul
 43290 | Swamp:2  | Reached XP level 17. HP: 65/91 MP: 39/39
 43314 | Swamp:2  | Gained mutation: You are frail (-10% HP). [mutagenic glow]
 43537 | Swamp:2  | Noticed Kirke
 43566 | Swamp:2  | Killed Kirke
 43580 | Swamp:2  | Lost mutation: You are frail (-10% HP). [potion of cure mutation]
 43580 | Swamp:2  | Lost mutation: Your spells are a little easier to cast, but a little less powerful. [potion of cure mutation]
 44078 | Swamp:3  | Noticed Donald
 44091 | Swamp:3  | Killed Donald
 44336 | Swamp:3  | Noticed a tentacled monstrosity
 44340 | Swamp:3  | Killed a tentacled monstrosity
 44548 | Swamp:3  | Reached skill level 1 in Charms
 44551 | Swamp:3  | Noticed Agnes
 44562 | Swamp:3  | Killed Agnes
 44562 | Swamp:3  | Reached skill level 1 in Spellcasting
 45499 | Swamp:4  | Found a white marble altar of Elyvilon.
 46518 | Swamp:5  | Entered Level 5 of the Swamp
 46841 | Swamp:5  | Reached skill level 5 in Spellcasting
 46841 | Swamp:5  | Reached skill level 5 in Charms
 46860 | Swamp:5  | Noticed the 27-headed Lernaean hydra
 47345 | Swamp:5  | Killed the 27-headed Lernaean hydra
 47570 | Swamp:5  | Got a decaying rune of Zot
 48352 | Swamp:5  | Gained mutation: You have a pair of small horns on your head. [potion of mutation]
 48352 | Swamp:5  | Gained mutation: Your body is slowly deteriorating. [potion of mutation]
 48352 | Swamp:5  | Gained mutation: You are dopey. (Int -2) [potion of mutation]
 48353 | Swamp:5  | Lost mutation: Your body is slowly deteriorating. [potion of cure mutation]
 48353 | Swamp:5  | Lost mutation: You are dopey. (Int -2) [potion of cure mutation]
 48353 | Swamp:5  | Lost mutation: You have a pair of small horns on your head. [potion of cure mutation]
 49009 | Elf:1    | Entered Level 1 of the Elven Halls
 49161 | Elf:1    | Reached XP level 18. HP: 99/99 MP: 40/40
 49398 | Elf:1    | Noticed Josephine
 49410 | Elf:1    | Killed Josephine
 49757 | Elf:1    | Identified the Papyrus of Creative Conjuration
 50227 | Elf:2    | Got a faintly humming robe
 50228 | Elf:2    | Identified the cursed -5 robe of the Stars {+Inv Dex-2 Slay+3} (You found it on level 2 of the Elven Halls)
 50507 | Elf:2    | Found a runed gate.
 50508 | Elf:2    | Found a runed gate.
 50509 | Elf:2    | Found a runed gate.
 50635 | Elf:2    | Noticed Norris
 50645 | Elf:2    | Killed Norris
 51953 | Elf:3    | Entered Level 3 of the Elven Halls
 53443 | Elf:3    | Reached skill level 10 in Spellcasting
 53612 | Elf:3    | Reached XP level 19. HP: 86/107 MP: 40/40
 54709 | Elf:3    | Learned a level 4 spell: Control Teleport
 54754 | Elf:3    | Learned a level 2 spell: Blink
 54761 | Elf:3    | Learned a level 1 spell: Apportation
 54803 | Elf:3    | Identified A Primer on Sorcery
 54854 | Elf:3    | Reached skill level 1 in Translocations
 55001 | Elf:1    | Reached skill level 15 in Fighting
 55352 | Spider:5 | Entered Level 5 of the Spider Nest
 55807 | Spider:5 | Reached skill level 5 in Translocations
 56700 | Spider:5 | Got a gossamer rune of Zot
 57182 | Vaults:1 | Entered Level 1 of the Vaults
 58000 | Vaults:1 | Got a pair of shimmering gloves
 58001 | Vaults:1 | Identified the +2 pair of gloves "Rielur" {rF+ Int-4 Dex+6} (You found it on level 1 of the Vaults)
 58499 | Vaults:1 | Found Zeroeseck's Antique Weapon Boutique.
 58505 | Vaults:1 | Bought a fine rapier for 297 gold pieces
 58505 | Vaults:1 | Identified the +5 rapier "Ynishuca" {pierce, rF+} (You bought it in a shop on level 1 of the Vaults)
 59132 | Vaults:2 | Found Xeamipho's Assorted Antiques.
 59229 | Vaults:2 | Reached skill level 10 in Translocations
 59258 | Vaults:2 | Reached XP level 20. HP: 116/116 MP: 41/41
 59276 | Vaults:2 | Found Ucseac's Magic Scroll Shoppe.
 59382 | Vaults:2 | Noticed Mara
 59399 | Vaults:2 | Killed Mara
 60900 | Vaults:3 | Found Roomn's Armour Emporium.
 60953 | Vaults:3 | Found a staircase to the Crypt.
 63408 | Vaults:3 | Reached skill level 15 in Translocations
 64029 | Vaults:4 | Reached XP level 21. HP: 109/124 MP: 42/42
 64421 | Vaults:4 | Found Xuwodd's Jewellery Emporium.
 65830 | Depths:1 | Entered Level 1 of the Depths
 65883 | Depths:1 | Found Imomum's Book Shoppe.
 65904 | Depths:1 | Found a one-way gate to the infinite horrors of the Abyss.
 67477 | Depths:1 | Found a gateway to Hell.
 67624 | Depths:1 | Voluntarily entered the Abyss.
 67758 | Abyss:2  | Gained mutation: You tend to lose your temper in combat. [a neqoxec]
 67917 | Abyss:2  | Gained mutation: You can breathe flames. [a neqoxec]
 68775 | Abyss:2  | Reached skill level 21 in Translocations
 69522 | Abyss:2  | Found a corrupted altar of Lugonu.
 69534 | Abyss:2  | Found a corrupted altar of Lugonu.
 69560 | Abyss:2  | Found a corrupted altar of Lugonu.
 70325 | Abyss:3  | Gained mutation: Your body is slowly deteriorating. [a neqoxec]
 70326 | Abyss:3  | Found a corrupted altar of Lugonu.
 70334 | Abyss:3  | Got an abyssal rune of Zot
 70479 | Abyss:3  | Reached XP level 22. HP: 98/129 MP: 42/42
 70481 | Abyss:3  | Gained mutation: You are frail (-10% HP). [a neqoxec]
 70591 | Abyss:3  | Found a corrupted altar of Lugonu.
 70787 | Abyss:3  | Gained mutation: Your magical capacity is low (-10% MP). [a neqoxec]
 70801 | Abyss:3  | Found an opulent altar of Gozag.
 70883 | Depths:1 | Escaped the Abyss
 71000 | D:13     | Bought a potion of cure mutation for 665 gold pieces
 71000 | D:13     | Bought a potion of beneficial mutation for 665 gold pieces
 71000 | D:13     | Lost mutation: Your magical capacity is low (-10% MP). [potion of cure mutation]
 71000 | D:13     | Lost mutation: You tend to lose your temper in combat. [potion of cure mutation]
 71000 | D:13     | Lost mutation: Your body is slowly deteriorating. [potion of cure mutation]
 71879 | Depths:2 | Noticed a caustic shrike
 71881 | Depths:2 | Killed a caustic shrike
 73539 | Depths:3 | Noticed Wiglaf
 73641 | Depths:3 | Killed Wiglaf
 73990 | Depths:3 | Upgraded the game from 0.16-a0-4133-g472b14a to 0.17-a0-4-gb793c6d
 74931 | Vaults:2 | Bought a scroll of acquirement for 936 gold pieces
 74931 | Vaults:2 | Bought a scroll of amnesia for 63 gold pieces
 75094 | Vaults:5 | Entered Level 5 of the Vaults
 75192 | Vaults:5 | Noticed Xtahua
 76542 | Vaults:4 | Reached XP level 23. HP: 67/124 MP: 43/43
 76559 | Vaults:4 | Bought a ring of the Octopus King {rF+ AC+1 EV+1 Str+1 Int+1 Dex+1} for 934 gold pieces
 77292 | D:7      | Fell from the grace of Gozag
 77292 | D:7      | Became a worshipper of Sif Muna the Loreminder
 77963 | Vaults:4 | Reached skill level 22 in Translocations
 78738 | Depths:3 | Acquired Sif Muna's first power
 81060 | Depths:3 | Acquired Sif Muna's second power
 82035 | Depths:3 | Found a gateway to a ziggurat.
 82487 | Depths:3 | Found a one-way gate leading to the halls of Pandemonium.
 82680 | Depths:3 | Gained mutation: You are partially covered in iridescent scales (AC +4). [potion of mutation]
 82680 | Depths:3 | Lost mutation: You are frail (-10% HP). [potion of mutation]
 82680 | Depths:3 | Gained mutation: Your mind is acute. (Int +2) [potion of mutation]
 82681 | Depths:3 | Gained mutation: You have sharp toenails. [potion of beneficial mutation]
 83162 | Depths:4 | Noticed Sojobo
 83491 | Depths:3 | Identified Ololoev's Reference Book on Mutagenic Boosts (You acquired it on level 3 of the Depths)
 83495 | Depths:3 | Learned a level 2 spell: Song of Slaying
 83498 | Depths:3 | Learned a level 2 spell: Stoneskin
 83557 | Depths:5 | Entered Level 5 of the Depths
 83820 | Depths:5 | Reached skill level 23 in Translocations
 85028 | Lair:8   | Learned a level 6 spell: Simulacrum
 85614 | Depths:4 | Found a portal to a secret trove of treasure.
 85701 | Depths:4 | Reached skill level 1 in Necromancy
 86900 | Depths:4 | Found a large runed door.
 86903 | Depths:4 | Found a large runed door.
 86988 | Depths:4 | Found a large runed door.
 87299 | Depths:4 | Acquired Sif Muna's third power
 88125 | Hell     | Entered the Vestibule of Hell
 88144 | Hell     | Noticed Geryon
 88154 | Hell     | Noticed Murray
 88622 | Depths:2 | Reached skill level 5 in Necromancy
 88733 | Hell     | Killed Geryon
 88892 | Depths:4 | You paid a toll of the horn of Geryon to enter a treasure trove
 88893 | Trove    | Entered a treasure trove
 89010 | Trove    | Identified the Volume of Enchantment
 89024 | Trove    | Identified the Grimoire of Aid and the Traveller
 89032 | Trove    | Learned a level 5 spell: Phase Shift
 89034 | Trove    | Identified the Collected Works on Flamy Conjuration
 89053 | Trove    | Identified a +2 rod of inaccuracy (9/9) (You found it in a treasure trove)
 89073 | Trove    | Identified Sif Muna's Tome of Sinister Secrets and Talismans
 89078 | Trove    | Learned a level 3 spell: Regeneration
 89085 | Trove    | Identified a +6 rod of inaccuracy (9/9) (You found it in a treasure trove)
 89316 | Depths:1 | Killed Murray
 89395 | Depths:4 | Found a large runed door.
 89728 | Depths:4 | Reached XP level 24. HP: 90/144 MP: 43/43
 90119 | Depths:4 | Found a large runed door.
 90121 | Depths:4 | Found a large runed door.
 90210 | Depths:4 | Reached skill level 1 in Ice Magic
 90522 | Depths:4 | Killed Sojobo
 91110 | Depths:4 | Found a large runed door.
 91113 | Depths:4 | Found a large runed door.
 92351 | Depths:4 | Slain by a spriggan berserker

Inventory:

Hand weapons
 a - a +9 rapier of electrocution
 b - a +4 blowgun of evasion
 W - a +5 quick blade of venom
Missiles
 T - 3 needles of sleeping
Armour
 i - a +2 cloak of poison resistance (worn)
 j - a +3 buckler of protection (worn)
 o - a +2 hat of cold resistance (worn)
 y - the +4 robe of Night (worn) {+Inv MR+ SInv Stlth+}
   (You bought it in a shop on level 11 of the Dungeon)

   It affects your resistance to hostile enchantments.
   It enhances your eyesight.
   It lets you turn invisible.
   It makes you more stealthy.
Magical staves
 w - an uncursed staff of energy
Rods
 t - a +0 rod of clouds (8/14) (weapon)
   (You found it on level 3 of the Spider Nest)
 z - a +2 lightning rod (1/13)
   (You found it in a treasure trove)
 A - a +2 rod of inaccuracy (9/9)
   (You found it in a treasure trove)
 C - a +6 rod of inaccuracy (9/9)
   (You found it in a treasure trove)
Jewellery
 g - the amulet of Cekugob (around neck) {Ward -Tele rElec rPois rN++ AC+1 EV+1}
   (You took it off a minotaur in a labyrinth)

   [amulet of warding]

   It may prevent the melee attacks of summoned creatures.
   It affects your AC (+1).
   It affects your evasion (+1).
   It insulates you from electricity.
   It protects you from poison.
   It greatly protects you from negative energy.
   It prevents most forms of teleportation.
 k - a ring of the Octopus King (left hand) {rF+ AC+1 EV+1 Str+1 Int+1 Dex+1}
   (You bought it in a shop on level 4 of the Vaults)

   [ring of protection from fire]

   It affects your AC (+1).
   It affects your evasion (+1).
   It affects your strength (+1).
   It affects your intelligence (+1).
   It affects your dexterity (+1).
   It protects you from fire.
 Q - the ring "Ikoet" (right hand) {rC+ rN+ MP+9 Stlth-}
   (You found it on level 2 of the Lair of Beasts)

   [ring of protection from cold]

   It protects you from cold.
   It protects you from negative energy.
   It affects your magic capacity (+9).
   It makes you less stealthy.
Magical devices
 c - a wand of heal wounds (4)
 h - a wand of paralysis (12)
 n - a wand of paralysis (8)
 q - a wand of cold (9)
 F - a wand of digging (14)
 H - a wand of hasting (1)
 O - a wand of teleportation (5)
 X - a wand of confusion (21)
Scrolls
 p - 21 scrolls of remove curse
 u - 11 scrolls of identify
 v - 2 scrolls of recharging
 B - a scroll of holy word
 D - 7 scrolls of magic mapping
 E - 5 scrolls of fog
 P - 7 scrolls of blinking
 S - 4 scrolls of fear
 U - 8 scrolls of teleportation
Potions
 e - 8 potions of brilliance
 m - 2 potions of cure mutation
 r - 3 potions of flight
 s - 4 potions of curing
 x - 4 potions of magic
 G - a potion of resistance
 N - 8 potions of restore abilities
Miscellaneous
 d - a phial of floods
 J - a fan of gales
 M - a stone of tremors
 R - a disc of storms
Comestibles
 f - 8 bread rations
 l - a fruit

Table legend:
 A = Turns spent in this place as a percentage of turns spent in the entire game.
 B = Non-inter-level travel turns spent in this place as a percentage of non-inter-level travel turns spent in the entire game.
 C = Inter-level travel turns spent in this place as a percentage of turns spent in this place.
 D = Turns resting spent in this place as a percentage of non-inter-level travel turns spent in this place.
 E = Turns spent auto-exploring this place as a percentage of non-inter-level travel turns spent in this place.
 F = Non-inter-level travel turns spent in this place divided by the number of levels of this place that you've seen.
                   A       B       C       D       E      F
               +-------+-------+-------+-------+-------+----------------------
         Total | 100.0 | 100.0 |   0.4 |   3.7 |   4.2 | 616.9
       Dungeon |  16.9 |  16.9 |   0.4 |   2.7 |   7.5 | 411.1
        Temple |   0.2 |   0.2 |   1.1 |   0.0 |   2.3 |  88.0
          Lair |  10.8 |  10.8 |   0.3 |   2.3 |   6.2 | 493.1
         Swamp |   6.5 |   6.5 |   0.3 |   3.8 |   6.4 | 475.8
   Spider Nest |   8.4 |   8.4 |   0.3 |   5.4 |   3.0 | 613.6
  Orcish Mines |   8.6 |   8.6 |   0.5 |   3.4 |   3.6 | 785.2
   Elven Halls |   7.8 |   7.8 |   0.4 |   4.8 |   3.5 | 943.0
        Vaults |  11.2 |  11.2 |   0.5 |   3.4 |   4.4 | 812.8
        Depths |  19.1 |  19.1 |   0.7 |   4.8 |   2.2 | 1387.4
          Hell |   0.5 |   0.5 |   0.5 |   1.1 |   0.0 | 187.0
         Abyss |   6.6 |   6.6 |   0.0 |   3.5 |   1.4 | 805.0
     Labyrinth |   1.0 |   1.0 |   0.0 |   1.7 |   0.0 | 362.0
         Trove |   0.2 |   0.2 |   0.0 |   2.2 |   0.0 |  90.0
        Bailey |   0.9 |   0.9 |   0.0 |   1.3 |   0.6 | 316.0
      Ice Cave |   1.1 |   1.1 |   0.0 |   2.0 |   0.0 | 410.0
               +-------+-------+-------+-------+-------+----------------------


   Skills:
 - Level 20.8 Fighting
 - Level 14.0 Short Blades
 - Level 10.0 Throwing
 - Level 19.2 Dodging
 - Level 17.2 Stealth
 - Level 5.7 Shields
 + Level 14.2 Spellcasting
 - Level 8.1 Charms
 + Level 6.8 Necromancy
 - Level 23.8 Translocations
 + Level 2.5 Ice Magic
 - Level 20.8 Evocations


You had 21 spell levels left.
You knew the following spells:

 Your Spells              Type           Power        Failure   Level  Hunger
a - Repel Missiles        Chrm/Air       #####.       1%          2    None
b - Song of Slaying       Chrm           ######..     1%          2    None
c - Flight                Chrm/Air       #####.....   1%          3    None
d - Control Teleport      Chrm/Tloc      #######...   1%          4    None
e - Blink                 Tloc           N/A          0%          2    None
f - Apportation           Tloc           #######...   0%          1    None
g - Stoneskin             Trmt/Erth      ###.....     6%          2    None
h - Simulacrum            Ice/Necr       #####.....   83%         6    ####...
i - Phase Shift           Tloc           #######...   0%          5    ##.....
j - Regeneration          Chrm/Necr      ######....   1%          3    None


Dungeon Overview and Level Annotations

Branches:
Dungeon (15/15)            Temple (1/1) D:4            Lair (8/8) D:10
  Swamp (5/5) Lair:4       Spider (5/5) Lair:6        Slime (0/6) Lair:6
    Orc (4/4) D:10            Elf (3/3) Orc:4        Vaults (5/5) D:14
  Crypt (0/3) Vaults:3     Depths (5/5) D:15           Hell (1/1)
    Dis: Hell:1         Geh: Hell:1         Coc: Hell:1         Tar: Hell:1
    Zot: Depths:5

Altars:
Ashenzari
Cheibriados
Dithmenos
Elyvilon
Fedhas
Gozag
Kikubaaqudgha
Makhleb
Nemelex Xobeh
Okawaru
Qazlal
Ru
Sif Muna
Trog
Vehumet
Xom
Yredelemnul
Zin
The Shining One
Beogh
Jiyva

Shops:
D:11 %[   D:12 [[   D:13 !   D:14 [   D:15 %   Orc:4 }[(*(   Vaults:1 (
Vaults:2 *?   Vaults:3 [   Vaults:4 =   Depths:1 :   Depths:4 [

Portals:
Hell: Depths:1 Depths:2 Depths:3 Depths:4 Depths:5
Abyss: Depths:1 Depths:4
Pandemonium: Depths:3
Ziggurat: Depths:3

Annotations:
Orc:4 Saint Roka
Vaults:5 Xtahua
Depths:4 8 runed doors


Innate Abilities, Weirdness & Mutations

You are tiny and cannot use many weapons and most armour.
You have supernaturally acute eyesight.
You are a herbivore.
You cover ground extremely quickly.
You need consume almost no food.
You have sharp toenails.
You are partially covered in iridescent scales (AC +4).
You can breathe flames.
Your mind is acute. (Int +2)


Message History

The lightning hits the spriggan berserker.
The spriggan berserker is heavily wounded.
The lightning hits the spriggan defender.
You kill the spriggan defender!
The spriggan berserker completely misses you.
You block the spriggan rider's attack.
Unknown command.
Aiming: Thunderbolt
Press: ? - help, Shift-Dir - straight line The lightning hits the spriggan rider.
You kill the wasp!
The spriggan jumps down from its now dead mount.
The spriggan is severely wounded.
The lightning hits the spriggan berserker.
The spriggan berserker is severely wounded.
The spriggan berserker hits you with an antimagic rapier.
You feel your power leaking away.
You block the spriggan berserker's attack.
Unknown command.
Wield which item (- for none, * to show all)? (? for menu, Esc to quit)
t - a +0 rod of clouds (14/14) (weapon)
Aiming: Cloud Cone
Press: ? - help, Dir - move target cursor, f - spriggan berserker
Aim: a spriggan berserker, wielding an antimagic rapier and wearing an animal skin (severely wounded, berserk, fast, unusually strong)
You create a blast of poison gas!
The spriggan berserker is engulfed in poison gas.
The spriggan berserker is poisoned.
You block the spriggan berserker's attack.
The spriggan rider is engulfed in poison gas.
The spriggan rider is poisoned.
The spriggan rider hits you from afar with a vampiric spear!
The spriggan air mage is engulfed in poison gas.
The spriggan air mage is poisoned.
The spriggan air mage waves its arms in wide circles.
The air twists around and strikes you!
The spriggan is engulfed in poison gas.
The spriggan is poisoned.
The spriggan completely misses you.
The spriggan berserker is engulfed in poison gas.
The spriggan berserker looks even sicker.
The spriggan berserker hits you with an antimagic rapier!!
You die...

#.##.+...(#.'...#.............
####'##.#≈##.#≈#####.............
........#≈≈.(≈≈# ###.............
........###['### #ii.............
...........[.#.###.#.............
...........))#.#§i'#.............
...........'...ii###...i.........
...........#.#.#i# ##....)......#
.........(..##.#@# ##.........##
...........###...# ##.......##
.................#########.######
.................##..............
##...#########...########'##.....
.##.##.#.#.'.#...# #####.##.....
#.###.##'#'#.#...# #......'.....
##...###.#.#.#'#.####.######.....
.#.[.'.'.'.#.'.'......# #.....


You could see a spriggan rider, a spriggan berserker (berserk), a spriggan air
mage and a spriggan.

Table legend:
 A = Kills in this place as a percentage of kills in entire the game.
 B = Kills by you in this place as a percentage of kills by you in the entire game.
 C = Kills by friends in this place as a percentage of kills by friends in the entire game.
 D = Other kills in this place as a percentage of other kills in the entire game.
 E = Experience gained in this place as a percentage of experience gained in the entire game.
 F = Experience gained in this place divided by the number of levels of this place that you have seen.
                   A       B       C       D       E      F
               +-------+-------+-------+-------+-------+----------------------
         Total | 100.0 | 100.0 | 100.0 | 100.0 | 100.0 | 17224.8
       Dungeon |  19.3 |  19.4 |  17.8 |  15.4 |   6.2 | 4184.7
          Lair |  13.0 |  13.3 |   0.0 |   0.0 |   6.1 | 7711.4
         Swamp |   8.3 |   8.4 |   8.9 |   0.0 |   8.9 | 17994.0
   Spider Nest |   8.1 |   7.8 |  24.4 |   0.0 |   8.2 | 16586.2
  Orcish Mines |   9.4 |   8.9 |  20.0 |  53.8 |   1.3 | 3409.5
   Elven Halls |   7.2 |   7.2 |   8.9 |   0.0 |  12.8 | 43438.7
        Vaults |  15.8 |  16.1 |   2.2 |  15.4 |  24.3 | 49459.8
        Depths |  13.4 |  13.3 |  17.8 |  15.4 |  26.6 | 54106.4
          Hell |   0.2 |   0.2 |   0.0 |   0.0 |   0.5 | 5501.0
         Abyss |   4.0 |   4.1 |   0.0 |   0.0 |   4.6 | 15665.7
     Labyrinth |   0.0 |   0.0 |   0.0 |   0.0 |   0.1 | 1071.0
        Bailey |   0.6 |   0.6 |   0.0 |   0.0 |   0.1 | 1129.0
      Ice Cave |   0.7 |   0.7 |   0.0 |   0.0 |   0.2 | 2417.0
               +-------+-------+-------+-------+-------+----------------------

Vanquished Creatures
  Sojobo (Depths:4)
  A caustic shrike (Depths:2)
  Norris (Elf:2)
  Mara (Vaults:2)
  Geryon (Hell)
  Arachne (Spider:3)
  2 tentacled monstrosities
  A deep elf blademaster (Elf:3)
  A deep elf master archer (Elf:3)
  A quicksilver dragon (Depths:2)
  3 liches
  Murray (Depths:1)
  3 titans
  A thorn hunter (Swamp:4)
  5 tentacled starspawn
  2 octopode crushers (Depths:1)
  Rupert (D:15)
  4 sphinxes
  Agnes (Swamp:3)
  Kirke (Swamp:2)
  Frances (Spider:2)
  A shadow dragon (Depths:1)
  7 tengu reavers
  4 fire giants
  5 frost giants
  3 ghost moths (Spider:5)
  Donald (Swamp:3)
  Wiglaf (Depths:3)
  11 emperor scorpions
  Aizul (Swamp:2)
  Louise (Swamp:2)
  An orc warlord (Orc:4)
  An iron dragon (Depths:4)
  A ghost moth (shapeshifter) (Vaults:4)
  6 deep elf sorcerers
  Jorgrun (Swamp:2)
  6 vault wardens
  2 spriggan defenders (Depths:4)
  8 very ugly things
  10 ironheart preservers
  4 rakshasas
  2 salamander firebrands (Depths:3)
  26 stone giants
  5 war gargoyles (Depths:3)
  15 deep elf annihilators
  Azrael (D:15)
  The ghost of anything the Sharpshooter, a powerful DDHu of Gozag (D:13)
  6 deep elf demonologists
  A mottled draconian (Abyss:2)
  7 dire elephants
  Snorg (Spider:1)
  6 deep elf death magi (Elf:3)
  6 yaktaur captains
  A blizzard demon (Abyss:2)
  A quicksilver dragon zombie (Abyss:2)
  9 fire dragons
  4 ettins
  20 crystal guardians
  A green death (Abyss:2)
  2 minotaurs
  An eidolon (Vaults:3)
  Josephine (Elf:1)
  30 vault guards
  A great orb of eyes (Vaults:3)
  4 deep elf high priests
  Fannar (Lair:5)
  15 ice dragons
  17 ogre magi
  Nessos (D:11)
  21 hydras
  A ghost crab (Swamp:3)
  4 spriggan air magi
  An anaconda (shapeshifter) (Depths:3)
  Erica (Lair:1)
  12 centaur warriors
  A ghost crab (shapeshifter) (Vaults:4)
  An alligator snapping turtle (shapeshifter) (Depths:3)
  9 starcursed masses (Abyss:2)
  33 dancing weapons
  A hell beast (Hell)
  6 death yaks
  4 tengu warriors
  5 deep troll shamans
  10 alligators
  11 deep troll earth magi
  7 spriggan berserkers
  Urug (Orc:4)
  6 thrashing horrors
  3 shadow wraiths (Vaults:4)
  13 hell knights (Depths:4)
  2 wretched stars (Abyss:2)
  6 unseen horrors
  2 ice devils
  4 skeletal warriors (Vaults:2)
  A death drake (shapeshifter) (Elf:3)
  25 deep elf knights
  Erolcha (Orc:4)
  A ball lightning (Depths:3)
  An unseen horror (shapeshifter) (Vaults:1)
  A shadow demon (Abyss:2)
  A deep troll (shapeshifter) (Depths:3)
  3 spriggan druids
  5 giant orange brains (Depths:3)
  5 ice statues
  12 deep elf summoners
  7 swamp dragons
  An obsidian statue (Depths:3)
  15 deep trolls
  14 orc knights
  2 shambling mangroves
  2 flayed ghosts
  Pikel (D:6)
  An anaconda skeleton (Abyss:3)
  2 mana vipers (shapeshifter) (Depths:3)
  2 lindwurms (Lair:8)
  4 hill giants
  13 air elementals
  12 ironbrand convokers
  8 harpies (Vaults:4)
  A hill giant (shapeshifter) (Depths:3)
  26 wolf spiders
  4 wizards
  3 manticores
  10 orb spiders
  A stone giant zombie (Depths:4)
  A lindwurm (shapeshifter) (Depths:3)
  9 necromancers
  46 ugly things
  A wolf spider (shapeshifter) (Vaults:5)
  16 deep elf conjurers
  7 griffons
  A frost giant zombie (Depths:2)
  A hornet (shapeshifter) (Vaults:4)
  A manticore (shapeshifter) (Depths:4)
  2 worldbinders (Abyss:2)
  15 elephants
  A faun (shapeshifter) (Depths:2)
  2 black mambas (Lair:1)
  8 hornets
  2 orc sorcerers (Orc:4)
  11 vault sentinels
  An apocalypse crab (Abyss:2)
  3 smoke demons
  Maurice (D:9)
  A frost giant skeleton (Depths:2)
  Joseph (D:8)
  2 cyclopes (Vaults:2)
  A fire giant skeleton (Vaults:2)
  3 moths of wrath
  2 sixfirhies
  A rust devil (Abyss:2)
  3 gargoyles
  4 molten gargoyles (Depths:3)
  An orange demon (Abyss:2)
  An emperor scorpion zombie (Abyss:2)
  Psyche (D:13)
  2 kobold demonologists
  9 torpor snails
  4 fire drakes
  A yaktaur (shapeshifter) (D:15)
  11 demonic crawlers
  A komodo dragon (shapeshifter) (Depths:3)
  25 yaktaurs
  14 spiny frogs
  An ancient zyme (Abyss:2)
  A tengu conjurer (Depths:4)
  A fire drake (shapeshifter) (Elf:1)
  12 komodo dragons
  17 deep elf priests
  A queen bee (D:11)
  A tormentor (Abyss:2)
  6 freezing wraiths
  5 trolls
  A guardian mummy (Depths:4)
  9 water elementals
  21 blink frogs
  4 blue devils
  27 jumping spiders
  Sonja (D:10)
  A polar bear (shapeshifter) (Vaults:3)
  10 raiju
  14 giant leeches
  26 two-headed ogres
  A polar bear (Lair:4)
  2 wind drakes (Depths:3)
  11 baby alligators
  9 bog bodies
  2 blink frogs (shapeshifter)
  A silent spectre (Vaults:3)
  A fire giant simulacrum (Depths:2)
  A snapping turtle (shapeshifter) (Depths:3)
  9 boulder beetles
  A raven (shapeshifter) (Depths:3)
  A baby alligator (shapeshifter) (Depths:3)
  6 ravens
  50 redbacks
  42 slime creatures
  4 basilisks
  A wyvern (D:15)
  A spriggan (shapeshifter) (Elf:2)
  A trapdoor spider (shapeshifter) (Depths:3)
  50 yaks
  A tarantella (shapeshifter) (Depths:3)
  14 spriggans
  5 wraiths
  23 tarantellas
  4 ynoxinuls
  4 fire bats (Lair:6)
  A fire bat (shapeshifter) (Vaults:4)
  A hill giant zombie (D:10)
  A steam dragon (shapeshifter) (Depths:3)
  24 trapdoor spiders
  3 shadows
  11 fire elementals
  7 hogs (Swamp:2)
  2 chaos spawn (Abyss:2)
  11 hippogriffs
  30 deep elf magi
  38 deep elf fighters
  4 hungry ghosts
  2 steam dragons (Lair:8)
  33 swamp worms
  42 vampire mosquitoes
  A yaktaur simulacrum (Vaults:3)
  15 large abominations
  2 mottled dragons (Lair:8)
  7 insubstantial wisps
  8 neqoxecs
  14 porcupines
  4 wargs
  13 wolves
  A human simulacrum (Vaults:1)
  2 spiders (shapeshifter) (Depths:3)
  26 water moccasins
  A soldier ant (Orc:1)
  2 phantoms
  4 hell hounds
  17 swamp drakes
  2 black bears (D:10)
  14 spiders
  An eye of draining (D:14)
  6 sky beasts
  71 ogres
  21 wasps
  2 boring beetles
  2 black bears (shapeshifter)
  6 boggarts
  12 ice beasts
  4 necrophages
  45 orc warriors
  A centaur (shapeshifter) (Depths:3)
  18 centaurs
  20 crocodiles
  Duvessa (D:8)
  17 giant frogs
  A brain worm (shapeshifter) (Depths:3)
  An elf zombie (D:9)
  3 brain worms (Lair:8)
  12 small abominations
  4 big kobolds
  An elf skeleton (D:9)
  16 earth elementals
  A scorpion (shapeshifter) (Vaults:1)
  A giant frog (shapeshifter) (Vaults:4)
  11 scorpions
  22 killer bees
  A boulder beetle zombie (Vaults:2)
  16 wights
  2 goliath beetles (Spider:3)
  2 electric eels
  10 crimson imps
  A lava snake (D:11)
  A quasit (Abyss:3)
  8 centaur zombies
  26 orc priests
  3 iron imps
  8 centaur skeletons
  6 human zombies
  5 jellies
  13 hounds
  21 orc wizards
  4 hell rats (Elf:1)
  15 iguanas
  8 worker ants
  4 human skeletons
  2 killer bee zombies
  27 sheep
  5 ogre zombies (D:10)
  Ijyb (D:2)
  A hound zombie (D:10)
  4 mummies
  30 river rats
  8 gnolls
  2 shadow imps
  20 adders
  A giant mite (shapeshifter) (Depths:3)
  A giant mite (D:2)
  5 white imps
  18 worms
  11 ufetubi
  5 giant geckos
  A giant gecko (shapeshifter) (Depths:3)
  An ooze (D:2)
  193 orcs
  14 bats
  21 goblins
  19 hobgoblins
  8 jackals
  41 kobolds
  26 quokkas
  A ball python (D:1)
  8 giant cockroaches
  7 giant newts
  3 giant spores
  A goblin skeleton (D:10)
  A goblin zombie (D:10)
  5 hobgoblin skeletons (D:10)
  3 hobgoblin zombies
  A jackal zombie (D:7)
  An orc skeleton (D:10)
  7 orc zombies (D:10)
  16 rats
  11 ballistomycetes
  2 fungi
  A plant (Lair:8)
  6 starspawn tentacles
2602 creatures vanquished.

Vanquished Creatures (collateral kills)
  the Lernaean hydra (Swamp:5)
  Nikola (Spider:2)
  A tentacled monstrosity (Vaults:5)
  A deep elf sorcerer (Elf:2)
  A crystal guardian (Elf:3)
  A deep elf high priest (Elf:3)
  A tengu warrior (Depths:2)
  2 death yaks (Depths:2)
  The ghost of hornqvist the Unseen, a powerful OpAs of Okawaru (D:11)
  A flayed ghost (Depths:2)
  A swamp dragon (Swamp:5)
  2 air elementals
  2 orb spiders (Spider:3)
  A deep elf conjurer (Elf:1)
  A wolf spider (Spider:3)
  A manticore (D:12)
  2 water elementals
  A demonic crawler (Spider:3)
  2 jumping spiders
  A trapdoor spider (Spider:5)
  3 redbacks
  A fire elemental (Depths:3)
  A wyvern (D:12)
  An insubstantial wisp (Depths:3)
  A water moccasin (Swamp:1)
  A swamp drake (Swamp:5)
  3 orc warriors (Orc:4)
  A spider (Spider:3)
  A scorpion (D:6)
  Dowan (D:8)
  A gnoll (D:6)
  6 orcs
  A kobold (D:12)
  A giant spore (D:6)
  An orc skeleton (D:10)
49 creatures vanquished.

Vanquished Creatures (others)
  A tengu reaver (Vaults:5)
  A stone giant (Vaults:4)
  A vault guard (Vaults:5)
  5 ball lightnings (Depths:3)
  5 air elementals
  An ugly thing (Depths:4)
  15 water elementals
  A blue devil (IceCv)
  A wind drake (Depths:3)
  2 two-headed ogres
  A centaur simulacrum (D:15)
  A deep elf mage (Vaults:3)
  2 golden eyes (shapeshifter) (Depths:3)
  A small abomination (Abyss:2)
  A swamp worm (shapeshifter) (Depths:3)
  2 earth elementals (Spider:1)
  A human zombie (Depths:4)
  2 orc warriors (Orc:4)
  An ogre (Vaults:4)
  4 centaurs (Orc:4)
  A lost soul (Elf:3)
  A gnoll (D:6)
  A river rat (D:8)
  4 ufetubi
  2 orcs (Orc:4)
  A giant spore (D:14)
  4 fungi
  7 starspawn tentacles
  115 starspawn tentacle segments
185 creatures vanquished.

Grand Total: 2836 creatures vanquished

Action                   |  1- 3 |  4- 6 |  7- 9 | 10-12 | 13-15 | 16-18 | 19-21 | 22-24 || total
-------------------------+-------+-------+-------+-------+-------+-------+-------+-------++-------
Melee: Short sword       |   193 |    52 |    25 |   284 |       |       |       |       ||   554
       Dagger            |       |   163 |   455 |   944 |       |       |       |       ||  1562
       Rapier            |       |       |       |   380 |  1940 |  1920 |  2424 |  2481 ||  9145
       Quick blade       |       |       |       |       |       |       |    13 |   133 ||   146
 Fire: Blowgun           |       |       |    51 |   257 |    96 |    19 |    72 |    22 ||   517
Throw: Tomahawk          |       |     6 |     1 |    32 |       |       |       |       ||    39
 Cast: Repel Missiles    |       |       |       |       |       |     2 |     5 |     3 ||    10
       Apportation       |       |       |       |       |       |       |     3 |     1 ||     4
       Regeneration      |       |       |       |       |       |       |       |     5 ||     5
       Flight            |       |       |       |       |       |       |       |     5 ||     5
       Blink             |       |       |       |       |       |       |       |     3 ||     3
       Stoneskin         |       |       |       |       |       |       |       |     1 ||     1
       Song of Slaying   |       |       |       |       |       |       |       |     1 ||     1
Invok: Call Merchant     |       |       |       |       |     6 |       |     4 |       ||    10
       Potion Petition   |       |       |       |       |       |       |     1 |       ||     1
 Abil: Evoke Invisibilit |       |       |       |       |     1 |    31 |    34 |    14 ||    80
       Stop Singing      |       |       |       |       |       |       |       |     1 ||     1
Evoke: Wand              |     1 |    17 |    36 |   107 |    58 |    17 |    10 |    27 ||   273
       Phial of floods   |       |       |       |     2 |     6 |     6 |       |     4 ||    18
       Disc of storms    |       |       |       |       |    28 |     4 |       |     2 ||    34
       Stone of tremors  |       |       |       |       |     4 |     4 |       |     4 ||    12
       Phantom mirror    |       |       |       |       |     1 |       |       |     1 ||     2
       Rod               |       |       |       |       |       |     2 |    26 |    57 ||    85
       Fan of gales      |       |       |       |       |       |       |     1 |     4 ||     5
  Use: Scroll            |       |     7 |     2 |    24 |    23 |    15 |    10 |    25 ||   106
       Potion            |       |       |     1 |    14 |     4 |    18 |     3 |    11 ||    51
 Stab: Sleeping          |     2 |     7 |    11 |    37 |    66 |   149 |   123 |    32 ||   427
       Confused          |     1 |       |    13 |    11 |     1 |     2 |       |       ||    28
       Paralysed         |       |     2 |       |     2 |       |       |       |       ||     4
       Distracted        |       |     1 |     2 |    24 |    22 |    14 |    24 |    19 ||   106
       Betrayed ally     |       |       |     1 |     1 |       |       |     2 |       ||     4
       Fleeing           |       |       |       |     2 |       |       |       |       ||     2
       Held in net/web   |       |       |       |       |     1 |       |       |       ||     1
       Invisible         |       |       |       |       |       |    51 |   115 |    29 ||   195
  Eat: Bread ration      |       |     1 |     1 |     3 |     1 |     1 |     8 |     7 ||    22
       Pizza             |       |       |       |       |     5 |     1 |     1 |     1 ||     8
       Royal jelly       |       |       |       |       |     2 |     8 |       |       ||    10
       Fruit             |       |       |       |       |     5 |    10 |     9 |     1 ||    25

Vault maps used:
D:1:      dpeg_arrival_leaves_temple_mockup
D:2:      overflow_temple_1_default, st_stairs_8, hangedman_decor_opposing,
          uniq_iyjb
D:3:      nemelex_xobeh_ov_fountains_minmay
D:4:      minmay_temple_entry_purple_smoke, first_bread, lemuel_blue_sif_altar
D:5:      overflow_temple_1_default
D:6:      nicolae_overflow_crystal_walls, uniq_pikel
D:7:      lemuel_round_altar, basic_altar, kennysheep_generic_room_16
D:8:      kennysheep_mini_moat, uniq_joseph, uniq_duvessa, uniq_edmund
D:9:      lemuel_mausoleum_altar_kikubaaqudgha, basic_altar, uniq_maurice
D:10:     lair_0_dummy, zombieorc1_lemuel, uniq_sonja
D:11:     dragon1_lemuel, serial_shops, kennysheep_little_box, david_nohive_1,
          uniq_nessos
D:12:     serial_shops, nicolae_shop_window_shopping
D:13:     minmay_gold_behind_fungi, uniq_psyche
D:14:     erik_vaults_1, nicolae_two_hexagons
D:15:     grunt_enter_depths_magical_seal, minmay_misc_feat_roman, serial_shops,
          shop_fountains, minmay_misc_feat_plants, uniq_azrael, uniq_rupert
Temple:   eino_temple_water_12
Lair:1:   grunt_megastairs_3, uniq_erica
Lair:2:   st_stairs_7, serial_bayou_shore_b, lemuel_fruit_tree,
          serial_bayou_shore_a
Lair:3:   lab_entry_generic, beast_lair_carwin_9
Lair:4:   minmay_swamp_entry_worms, serial_bayou_pond_d
Lair:5:   uniq_fannar
Lair:6:   spider_nest_entry_webs, slime_altar_2, kennysheep_catoblepas_arena
Lair:7:   small_statue_intersection
Lair:8:   wormcave, guppyfry_lair_end_dragon
Swamp:1:  nicolae_swamp_trees_clearing
Swamp:2:  evilmike_swamp_ruin_rubble_2, swamp_pool1, infiniplex_staircase_pool,
          uniq_kirke, uniq_aizul, uniq_louise, uniq_jorgrun
Swamp:3:  evilmike_swamp_ruin_house_3, uniq_agnes, uniq_donald
Swamp:4:  basic_altar
Swamp:5:  swamp_old_school
Spider:1: uniq_snorg
Spider:2: uniq_frances, uniq_nikola
Spider:3: einodemon_crawler_minivault, uniq_arachne
Spider:4: nicolae_spider_webs_and_nodes
Spider:5: grunt_spider_rune_circles, nicolae_spider_circle_web,
          nicolae_spider_cling_ruins, uniq_asterion
Orc:1:    portal_ice_cave_entry_ice_beasts
Orc:3:    basic_altar, enter_bailey_5, nicolae_orc_pool_cavern
Orc:4:    st_orc_rangers, basic_altar, serial_shops, shop, lemuel_statue_altar,
          uniq_erolcha, uniq_urug, uniq_saint_roka
Elf:1:    minmay_elf_sorcery, uniq_josephine
Elf:2:    uniq_norris
Elf:3:    minmay_elf_hall_golems, hangedman_elven_ridges
Vaults:1: vaults_mumra_chevron, vaults_room_corners, hangedman_vaults_impose,
          hangedman_vaults_stagger, grunt_vaults_diagonal,
          nicolae_vaults_yaktaur_gun_rack, ontoclasm_vaults_spin,
          nicolae_vaults_little_squares_4, nicolae_vaults_sealed_display
Vaults:2: v_alt_pattern_2, vaults_dpeg_hooks, v_misc_3, vaults_room_boxed,
          v_misc_27, vaults_mumra_minichess_inversion, ontoclasm_vaults_chip,
          vaults_dpeg_diagonal, serial_shops, shop_statue, uniq_mara
Vaults:3: ontoclasm_vaults_eye, hangedman_vaults_stitches,
          ontoclasm_vaults_chip, nicolae_vaults_circle_grid_b,
          vaults_room_ringed_pool, hangedman_vaults_stream,
          vaults_room_guarded_vault, nicolae_vaults_circle_grid_b,
          ontoclasm_vaults_bender, nicolae_vaults_border_crossing,
          nicolae_vaults_rhombus_6, minmay_crypt_entry_simple_walls
Vaults:4: nicolae_vaults_circle_grid_a, v_misc_28, v_misc_25,
          nicolae_vaults_little_ls, vaults_standard_mumra_x,
          hangedman_vaults_corner_blocks, dpeg_vaults_monster_box, v_misc_25,
          ontoclasm_vaults_pinch, vaults_mumra_minichess,
          vaults_standard_mumra_lines, grunt_vaults_hallway_long
Vaults:5: serial_shops, uniq_xtahua
Depths:1: pf_hell_entry_tar_spiral, abyss_entry, dk_noncrumbling_3,
          dispersion_dpeg
Depths:2: hangedman_stitches_corridor, serial_bayou_pond_d, hell_entry,
          infiniplex_staircase_pillars_1
Depths:3: radiant_caverns_b_rkd, pan_entry, hell_entry, uniq_wiglaf
Depths:4: minmay_five_octagons, grunt_hell_entry_dis_grunt, abyss_entry,
          nicolae_trove_entry_path_of_doom, kennysheep_generic_room_12,
          infiniplex_staircase_pool_1, basic_stair_grate_trap, uniq_sojobo
Depths:5: grunt_zot_entry_gee_three, hell_entry, abyss_entry_crystal,
          grunt_decor_cap, spider_trap
Abyss:2:  evilmike_abyss_exit_glass
Abyss:3:  evilmike_abyss_rune_elephants
Lab:      labyrinth_watery
Trove:    trove_books_scrolls
Bailey:   bailey_axe_3, bailey
IceCv:    ice_cave_small_demon
